 Dungeon Crawl Stone Soup version 0.29-a0-323-g050149af67 (webtiles) character file.

Game seed: 15146113110934328609

15 spaghetti the Sneak (level 2, -4/21 HPs)
             Began as an Octopode Delver on Apr 10, 2022.
             Killed from afar by Sigmund (10 damage)
             ... with a puff of flame
             ... on level 3 of the Dungeon.
             The game lasted 00:00:51 (186 turns).

spaghetti the Sneak (Octopode Delver)                Turns: 186, Time: 00:00:52

Health: -4/21      AC:  1    Str: 11    XL:     2   Next: 50%
Magic:  2/2        EV: 13    Int: 12    God:
Gold:   0          SH:  0    Dex: 13    Spells: 1/1 levels left

rFire   . . .      SeeInvis .   a - +0 falchion {long}
rCold   . . .      Faith    .   (no shield)
rNeg    . . .      Spirit   .   (helmet restricted)
rPois   .          Reflect  .   (no amulet)
rElec   .          Harm     .   (no ring)
rCorr   .          Rampage  .   (no ring)
Will    .....                   (no ring)
Stlth   ++++......              (no ring)
HPRegen 0.07/turn               (no ring)
MPRegen 0.08/turn               (no ring)
                                (no ring)
                                (no ring)

@: no status effects
A: almost no armour, amphibious, 8 rings, camouflage 1, gelatinous body 1,
(nimble swimmer 1), tentacles
a: no special abilities


You were on level 3 of the Dungeon.
You visited 1 branch of the dungeon, and saw 3 of its levels.


Innate Abilities, Weirdness & Mutations

You cannot wear most types of armour.
You are amphibious.
You can wear up to eight rings at the same time.
Your skin changes colour to match your surroundings (Stealth+).
Your rubbery body absorbs attacks. (AC +1, EV +1)
((You are camouflaged when in or above water. (Stealth+)))
You have tentacles for arms and can constrict up to eight enemies at once.


   Skills:
 - Level 3.0 Fighting
 + Level 3.0 Long Blades
 - Level 2.0 Dodging
 - Level 6.6 Stealth


You had one spell level left.
You didn't know any spells.
Your spell library was empty.

Inventory:

Hand Weapons
 a - a +0 falchion (weapon) {long}
Armour
 h - an orb of guile
   (You found it on level 5 of the Dungeon)
Wands
 f - a wand of digging (3)
Scrolls
 b - a scroll of fog
 c - a scroll of magic mapping {!r}
 d - a scroll of fear
 g - a scroll of silence {unknown}
Potions
 e - a potion of haste {@q3}

Dungeon Overview and Level Annotations

Branches:
Dungeon (5/15)
 Temple: D:4-7

Altars:

Annotations:
D:3 Sigmund

##. ### ...
#.. .. #
#.#####.#....
#...†>....#
#..####...#
#..# ..# #.@#
.# #..@..$# #
#.####.# #..
###


You could see Sigmund.


Message History

Your hp is fully restored (16).
(D) Dungeon
Where to? (? - help)
There is a stone staircase leading up here.
You climb upwards.
There is a stone staircase leading down here.
Unknown command.
Unknown command.
An adder comes into view.
An adder is nearby!
An adder is nearby!
The helpless adder fails to defend itself.
You hit the adder. Your grab misses the adder. The adder barely misses you.
The adder completely misses you.
You barely miss the adder. Your grab misses the adder.
The adder closely misses you.
You slash the adder!
You kill the adder!
Your Long Blades skill increases to level 3!
You have reached level 2! 😎 HP[+5] MP[+1]
You now have 21 max hp (+5).
Your hp is fully restored (21).
Your mp is fully restored (2).
An iguana comes into view.
The iguana hisses angrily.
The iguana hisses menacingly.
An iguana is nearby!
An iguana is nearby!
An iguana is nearby!
Found a stone staircase leading up.
Okay, then.
Okay, then.
Okay, then.
A ball python comes into view.
The ball python barely misses you. x2
There is a stone staircase leading up here.
The ball python misses you. The ball python barely misses you.
You climb upwards.
You hear the sound of rushing water.
There is an entrance to a sewer on this level.
Hurry and find it before the portal rusts away!
There is a stone staircase leading down here.
Unknown command.
Unknown command.
You slash the ball python!
You kill the ball python!
You see here a ball python corpse.
Sigmund the Dreaded comes into view.
He is wielding a +0 scythe.
The helpless Sigmund fails to defend himself.
You hit Sigmund. You grab Sigmund.
You constrict Sigmund, but do no damage.
Sigmund points at you and mumbles some strange words.
You are confused.
Unknown command.
Unknown command.
You release your grip on Sigmund.
Sigmund gestures at you while chanting.
You are more confused.
Unknown command.
Unknown command.
Okay, then.
You bump into the rock wall.
Sigmund hits you but does no damage.
Unknown command.
Unknown command.
Unknown command.
Unknown command.
Sigmund barely misses you.
Unknown command.
Unknown command.
Unknown command.
Sigmund attacks as you move away! Sigmund closely misses you.
Unknown command.
Unknown command.
Unknown command.
You bump into the rock wall.
Sigmund barely misses you.
Unknown command.
Unknown command.
You bump into the rock wall.
Sigmund hits you from afar with a +0 scythe. 😕 HP[-4]
You take 4 damage, and now have 17/21 hp.
Unknown command.
Unknown command.
Unknown command.
Unknown command.
Unknown command.
Unknown command.
You hit Sigmund. Sigmund casts a spell at you. The puff of flame misses you.
Unknown command.
Unknown command.
You hit Sigmund but do no damage. You squeeze Sigmund, but do no damage.
You feel less confused.
Sigmund points at you and mumbles some strange words.
The puff of flame hits you!
Ouch! That really hurt!
* * * LOW HITPOINT WARNING * * *
Sigmund gestures at you while chanting. The puff of flame hits you!
You die...

Skill      XL: |  1 |
---------------+----+-----
Long Blades    | 3 |  3.0
Fighting       | |  3.0
Dodging        | |  2.0
Stealth        | |  6.6

Action                   || total
-------------------------++-------
Melee: Falchion          ||     9
       Constrict         ||     2
       Punch             ||     1
       Tentacles         ||     1
 Stab: Sleeping          ||     2
Armor: Skin              ||     1
Dodge: Dodged            ||    16

Levels and vault maps discovered:
D:3:      layout_loops_ring, portal_sewer_entry_e,
          ebering_ecumenical_altar_hall, minivault_25, uniq_sigmund,
          uniq_grinder
D:4:      layout_loops_ring, uniq_pikel, uniq_robin
D:5:      layout_rooms, mainiacjoe_overflow_alcove_1,
          gammafunk_temple_overflow_forgotten, kennysheep_generic_room_6,
          uniq_crazy_yiuf_cottage, uniq_prince_ribbit1

Notes
Turn   | Place    | Note
-------+----------+-------------------------------------------
     0 | D:5      | spaghetti the Octopode Delver began the quest for the Orb.
     0 | D:5      | Reached XP level 1. HP: 16/16 MP: 1/1
     0 | D:5      | magus.rc [v1.9.6]
   117 | D:4      | Reached skill level 3 in Long Blades
   117 | D:4      | Reached XP level 2. HP: 21/21 MP: 2/2
   172 | D:3      | Noticed Sigmund
   186 | D:3      | Killed from afar by Sigmund

Vanquished Creatures
  An adder (D:4)
  An ufetubus (D:5)
  A ball python (D:3)
3 creatures vanquished.

Vanquished Creatures (others)
  2 plants (D:5)
2 creatures vanquished.

Grand Total: 5 creatures vanquished

Table legend:
 A = Non-vault XP
 B = Vault XP
 C = Vault XP percentage of total XP
 D = Non-vault monster count
 E = Vault monster count
 F = Vault count percentage of total count
                 A         B        C        D         E       F
            +---------+---------+-------+---------+---------+-------
      Total |      22 |       0 |   0.0 |       3 |       0 |   0.0
            +---------+---------+-------+---------+---------+-------
        D:3 |       1 |       0 |   0.0 |       1 |       0 |   0.0
        D:4 |      13 |       0 |   0.0 |       1 |       0 |   0.0
        D:5 |       8 |       0 |   0.0 |       1 |       0 |   0.0
            +---------+---------+-------+---------+---------+-------

Illustrated notes

Table legend:
 A = Kills in this place as a percentage of kills in entire the game.
 B = Kills by you in this place as a percentage of kills by you in the entire game.
 C = Kills by friends in this place as a percentage of kills by friends in the entire game.
 D = Other kills in this place as a percentage of other kills in the entire game.
 E = Experience gained in this place as a percentage of experience gained in the entire game.
 F = Experience gained in this place divided by the number of levels of this place that you have seen.
                   A       B       C       D       E      F
               +-------+-------+-------+-------+-------+----------------------
         Total | 100.0 | 100.0 |   N/A |   N/A | 100.0 |   7.3
       Dungeon | 100.0 | 100.0 |   N/A |   N/A | 100.0 |   7.3
               +-------+-------+-------+-------+-------+----------------------

Table legend: (Time is in decaauts)
 A = Elapsed time spent in this place.
 B = Non-inter-level travel time spent in this place.
 C = Inter-level travel time spent in this place.
 D = Time resting spent in this place.
 E = Time spent auto-exploring this place.
 F = Levels seen in this place.
 G = Mean time per level.
                   A        B        C        D        E       F      G
               +--------+--------+--------+--------+--------+-----+--------+
         Total |    187 |    183 |      4 |     74 |     15 |   3 |   62.3 |
       Dungeon |    187 |    183 |      4 |     74 |     15 |   3 |   62.3 |
               +--------+--------+--------+--------+--------+-----+--------+

Top non-repeatable levels by time:
     D:5: 104 daAuts
     D:4: 64 daAuts
     D:3: 18 daAuts
